 Dungeon Crawl Stone Soup version 0.29-a0-717-g6dac4ea423 (webtiles) character file.

Game seed: 328711106635832203

130 MrPoopyBoutHole the Covered (level 5, 0/42 HPs)
             Began as a Formicid Fighter on June 27, 2022.
             Succumbed to a scorpion's poison
             ... on level 3 of the Dungeon.
             The game lasted 00:04:26 (2559 turns).

MrPoopyBoutHole the Covered (Formicid Fighter)      Turns: 2559, Time: 00:04:26

Health: 0/42       AC:  7    Str: 22    XL:     5   Next: 36%
Magic:  5/5        EV:  9    Int:  8    God:
Gold:   44         SH:  5    Dex: 13    Spells: 4/4 levels left

rFire   . . .      SeeInvis +   h - +0 battleaxe
rCold   . . .      Faith    .   c - +0 buckler
rNeg    . . .      Spirit   .   b - +0 scale mail
rPois   .          Reflect  .   (helmet unavailable)
rElec   .          Harm     .   (no cloak)
rCorr   .          Rampage  .   (no gloves)
Will    .....                   (no boots)
Stlth   ..........              (no amulet)
HPRegen 0.14/turn               (no ring)
MPRegen 0.09/turn               (no ring)

@: mighty, lethally poisoned (0 -> -2)
A: permanent stasis, dig shafts and tunnels, antennae 3, four strong arms
a: Dig, Shaft Self


You were on level 3 of the Dungeon.
You visited 1 branch of the dungeon, and saw 3 of its levels.

You collected 44 gold pieces.

Inventory:

Hand Weapons
 a - a +0 quarterstaff
 f - a +0 whip of draining
 h - a +0 battleaxe (weapon)
Missiles
 e - 51 stones
 k - 2 poisoned darts
Armour
 b - a +0 scale mail (worn)
 c - a +0 buckler (worn)
Scrolls
 l - 2 scrolls of identify {unknown}
 p - a scroll of torment {unknown}
Potions
 d - 2 potions of might
 g - a potion of ambrosia {unknown}
 i - 2 potions of heal wounds {unknown}
 j - a potion of haste {unknown}
 m - a potion of flight {unknown}
 n - a potion of invisibility {unknown}
 o - a potion of attraction {unknown}
 q - a potion of lignification {unknown}
 s - a potion of brilliance {unknown}


   Skills:
 * Level 3.9 Fighting
 + Level 2.2 Axes
 * Level 2.6 Staves
 * Level 4.4 Armour
 + Level 0.4 Dodging
 + Level 4.1 Shields


You had 4 spell levels left.
You didn't know any spells.
Your spell library contained the following spells:

 Spells                   Type           Power      Damage    Failure   Level
 Beastly Appendage        Tmut           0%         N/A       80%         1
 Wereblood                Tmut           0%         N/A       90%         2
 Ozocubu's Armour         Ice            0%         N/A       99%         3
 Spider Form              Tmut/Pois      0%         N/A       99%         3
 Metabolic Englaciation   Hex/Ice        0%         N/A       100%        5
 Simulacrum               Ice/Necr       0%         N/A       100%        6


Dungeon Overview and Level Annotations

Branches:
Dungeon (3/15)

Altars:


Innate Abilities, Weirdness & Mutations

You cannot be hasted, slowed, berserked, paralysed or teleported.
You can dig through walls and to a lower floor.
You have a pair of large antennae on your head. (SInv)
Your four strong arms can wield two-handed weapons with a shield.


Message History

You barely miss the scorpion.
The scorpion is almost dead.
You feel sick. The scorpion misses you.
A quokka comes into view.
The scorpion misses you.
You barely miss the scorpion.
The scorpion is almost dead.
You feel sick. The scorpion closely misses you. The scorpion barely misses you.
You barely miss the scorpion.
The scorpion is almost dead.
You feel sick.
You are no longer poisoned.
The scorpion stings you.
You are poisoned.
The scorpion poisons you! The scorpion barely misses you.
You closely miss the scorpion.
The scorpion is almost dead.
* * * LOW HITPOINT WARNING * * *
You feel very sick. The scorpion barely misses you. The scorpion stings you.
* * * LOW HITPOINT WARNING * * *
You feel very mighty all of a sudden.
* * * LOW HITPOINT WARNING * * *
You feel sick. You block the scorpion's attack. The scorpion misses you.
You closely miss the scorpion.
The scorpion is almost dead.
* * * LOW HITPOINT WARNING * * *
You feel sick.
The scorpion stings you but does no damage.
The scorpion barely misses you.
You slash the scorpion!
You kill the scorpion!
* * * LOW HITPOINT WARNING * * *
You feel sick.
Your Axes skill increases to level 2!
You have reached level 5!
As you read the scroll labelled ISEGIKK UGGOV, it crumbles to dust.
You hear a loud clanging noise!
It was a scroll of noise.
You die...

.. . .## # ##
## ..# #.# ...
. #(## ...#
... #.
#..#...# #.##
#.#####......#
#...##
#...##..#
#..###
##.@rw.# #<..#
#..###....#
###.#####[##
####.#
#....##.### .#
####......# >(
##.###.# #
#.......# .#
..####### #


You could see a worm and a quokka.

Vanquished Creatures
  A scorpion (D:3)
  Robin (D:2)
  An adder (D:2)
  A worm (D:2)
  A dart slug (D:1)
  An orc (D:2)
  5 bats
  3 endoplasms
  A giant cockroach (D:1)
  2 hobgoblins (D:2)
  3 jackals (D:2)
  A quokka (D:2)
  4 ball pythons
  2 frilled lizards (D:1)
  14 goblins
  A kobold (D:1)
  3 rats
45 creatures vanquished.

Notes
Turn   | Place    | Note
-------+----------+-------------------------------------------
     0 | D:1      | MrPoopyBoutHole the Formicid Fighter began the quest for
                  | the Orb.
     0 | D:1      | Reached XP level 1. HP: 18/18 MP: 1/1
   376 | D:1      | Reached XP level 2. HP: 24/24 MP: 2/2
   391 | D:1      | Found a faded altar of an unknown god.
  1005 | D:2      | Reached XP level 3. HP: 29/29 MP: 3/3
  1105 | D:2      | Noticed Robin
  1133 | D:2      | Killed Robin
  1134 | D:2      | Reached skill level 1 in Axes
  1497 | D:2      | Reached XP level 4. HP: 26/36 MP: 4/4
  2540 | D:3      | Noticed a scorpion
  2558 | D:3      | Killed a scorpion
  2558 | D:3      | HP: 1/37 [poisoned by a scorpion]
  2559 | D:3      | Reached XP level 5. HP: 1/42 MP: 5/5
  2559 | D:3      | Succumbed to a scorpion's poison

Illustrated notes

Levels and vault maps discovered:
D:1:      minmay_arrival_shattered_statue, layout_basic,
          dilly_ecumenical_altar_fadedgnrine, minmay_tree_intersection,
          dk_noncrumbling_3
D:2:      layout_basic, grunt_ministairs_5, minmay_cupped, uniq_robin
D:3:      layout_rooms

Skill      XL: |  1  2  3  4 |
---------------+-------------+-----
Axes           | 1 2 |  2.2
Armour         | 4 |  4.4
Fighting       | |  3.9
Staves         | |  2.6
Dodging        | |  0.4
Shields        | |  4.1

Action                   |  1- 3 |  4- 6 || total
-------------------------+-------+-------++-------
Melee: Quarterstaff      |    13 |       ||    13
       Battleaxe         |    53 |    48 ||   101
       Whip              |    14 |       ||    14
  Use: Potion            |       |     1 ||     1
       Scroll            |       |     1 ||     1
Armor: Scale mail        |    41 |    26 ||    67
Dodge: Dodged            |    41 |    34 ||    75
Block: Buckler           |    22 |    17 ||    39

Table legend: (Time is in decaauts)
 A = Elapsed time spent in this place.
 B = Non-inter-level travel time spent in this place.
 C = Inter-level travel time spent in this place.
 D = Time resting spent in this place.
 E = Time spent auto-exploring this place.
 F = Levels seen in this place.
 G = Mean time per level.
                   A        B        C        D        E       F      G
               +--------+--------+--------+--------+--------+-----+--------+
         Total |   2628 |   2544 |     84 |    288 |   1828 |   3 |  876.0 |
       Dungeon |   2628 |   2544 |     84 |    288 |   1828 |   3 |  876.0 |
               +--------+--------+--------+--------+--------+-----+--------+

Top non-repeatable levels by time:
     D:2: 1561 daAuts
     D:1: 1016 daAuts
     D:3: 50 daAuts
